 Dungeon Crawl Stone Soup version 0.19-a0-414-g76fec5b (webtiles) character file.

60 Skanax the Skirmisher (level 3, -3/30 HPs)
             Began as a Demonspawn Abyssal Knight on May 31, 2016.
             Was a Believer of Lugonu.
             Killed from afar by Yehuk's ghost (4 damage)
             ... with a magic dart
             ... on level 3 of the Dungeon.
             The game lasted 00:16:03 (2230 turns).

Skanax the Skirmisher (Demonspawn Abyssal Knight)   Turns: 2230, Time: 00:16:03

Health: -3/30      AC:  9    Str: 13    XL:     3   Next: 80%
Magic:  4/4        EV:  3    Int: 13    God:    Lugonu [**....]
Gold:   108        SH:  7    Dex: 12    Spells: 0 memorised, 2 levels left

rFire  . . .     SeeInvis .     a - +3 spear
rCold  . . .     Gourm    +     n - +1 chain mail
rNeg   . . .     Faith    .     h - +1 shield {rPois}
rPois  +         Spirit   .     (no helmet)
rElec  .         Dismiss  .     (no cloak)
rCorr  .         Reflect  .     (no gloves)
SustAt .         Harm     .     (no boots)
MR     .....                    c - amulet of the gourmand
Stlth  ..........               (no ring)
                                (no ring)

@: not resistant to hostile enchantments, extremely unstealthy
A: claws 1
a: Depart the Abyss, Bend Space, Renounce Religion


You were on level 3 of the Dungeon.
You worshipped Lugonu.
Lugonu was pleased with you.
You were very full.

You visited 1 branch of the dungeon, and saw 3 of its levels.
You visited the Abyss 1 time.

You collected 108 gold pieces.

Inventory:

Hand Weapons
 a - a +3 spear (weapon)
 i - a +0 spear
 k - a +0 hunting sling
Missiles
 e - 42 stones (quivered)
 j - 45 arrows
 m - 4 large rocks
 q - 24 bolts
Armour
 b - a +0 leather armour
 d - a +2 buckler of poison resistance
 h - a +1 shield of poison resistance (worn)
 n - a +1 chain mail (worn)
Jewellery
 c - an amulet of the gourmand (around neck)
Scrolls
 f - a scroll of remove curse
 l - a scroll of noise
Comestibles
 g - a royal jelly
 o - 2 fruits


   Skills:
 + Level 3.9 Fighting
 + Level 2.0 Polearms
 + Level 2.3 Armour
 + Level 1.6 Dodging
 + Level 0.1 Shields
 + Level 2.4 Invocations


You had 2 spell levels left.
You didn't know any spells.

Dungeon Overview and Level Annotations

Branches:
Dungeon (3/15)

Altars:

Annotations:
D:3 Yehuk's ghost, amateur DECj


Innate Abilities, Weirdness & Mutations

You have sharp fingernails.


Message History

You hit Yehuk's ghost but do no damage.
Yehuk's ghost is lightly damaged.
You block Yehuk's ghost's attack.
You hit Yehuk's ghost.
Yehuk's ghost is moderately damaged.
You block Yehuk's ghost's attack.
Your shield and chain mail prevent you from hitting Yehuk's ghost.
Yehuk's ghost is moderately damaged.
Yehuk's ghost takes aim.
Yehuk's ghost casts a spell at you. The magic dart hits you!
* * * LOW HITPOINT WARNING * * *
You block Yehuk's ghost's attack.
Yehuk's ghost gestures at you while chanting.
The magic dart hits you!
* * * LOW HITPOINT WARNING * * *
Yehuk's ghost hits you but does no damage.
Yehuk's ghost casts a spell at you. The magic dart hits you!
You die...

#........##.##########.#
#.......................
.......####.#...........
.......# #.##..........
.......# #.##.#.######
#......# #.##.#.#...# .
#......# #.##.#.#...# .#
#.)....#
#.##.#.#...##...
##'#####
#.##.#@#........ ....#
### #.#.#........
....#.... #.#.W........
.........+ #....####.#
....#....# #....#
....#....# #...... #####
...# ......... ...#
.#......... ..#
.<#....#####


You could see Yehuk's ghost.

Vanquished Creatures
  2 adders (D:2)
  2 worms (D:2)
  A dart slug (D:2)
  A giant gecko (D:3)
  2 giant cockroaches (D:2)
  3 goblins
  9 hobgoblins
  A quokka (D:2)
  5 bats
  2 giant newts
  A kobold (D:2)
  4 rats
33 creatures vanquished.

Notes
Turn   | Place    | Note
--------------------------------------------------------------
     0 | Abyss:1  | Skanax the Demonspawn Abyssal Knight began the quest for the Orb.
     0 | Abyss:1  | Reached XP level 1. HP: 18/18 MP: 2/2
    14 | D:1      | Escaped the Abyss
   353 | D:1      | Gained mutation: You have sharp fingernails. [demonic ancestry]
   353 | D:1      | Reached XP level 2. HP: 13/24 MP: 3/3
   864 | D:2      | Reached skill level 1 in Dodging
  1284 | D:2      | Reached XP level 3. HP: 21/30 MP: 4/4
  1285 | D:2      | Reached ** piety under Lugonu
  2210 | D:3      | Noticed Yehuk's ghost (amateur DECj)
  2228 | D:3      | HP: 1/30 [Yehuk's ghost/magic dart (7)]
  2230 | D:3      | Killed from afar by Yehuk's ghost

Vault maps used:
D:1:      sevenhm_arrival_forest_fort_large_4
D:2:      fountainhead
D:3:      gammafunk_temple_overflow_elements, ecumenical_altar_1, uniq_terence
Abyss:1:  minivault_26

Skill      XL: |  1  2  3 |
---------------+----------+-----
Armour         | 2 |  2.3
Dodging        | 1 |  1.6
Polearms       | 2 |  2.0
Fighting       | |  3.9
Shields        | |  0.1
Invocations    | |  2.4

Action                   || total
-------------------------++-------
Melee: Spear             ||   164
  Use: Scroll            ||    10
  Eat: Chunk             ||     8
       Bread ration      ||     1
       Fruit             ||     1
Armor: Leather armour    ||    35
       Chain mail        ||    39
Dodge: Dodged            ||    53
Block: Shield            ||    37
